 Dungeon Crawl Stone Soup version 0.29.1-15-g9cfb28693d (webtiles) character file.

Game seed: 15563615946471972491

295 KamiKatze the Conjurer (level 6, -10/32 HPs)
             Began as a Deep Elf Conjurer on Apr 6, 2023.
             Killed by nerve-wracking pain
             ... invoked by Grinder
              (13 damage)
             ... while paralysed by Grinder
             ... on level 5 of the Dungeon.
             The game lasted 00:12:37 (3715 turns).

KamiKatze the Conjurer (Deep Elf Conjurer)          Turns: 3715, Time: 00:12:38

Health: -10/32     AC:  5    Str:  4    XL:     6   Next: 11%
Magic:  12/15      EV:  2    Int: 31    God:
Gold:   140        SH:  0    Dex: 19    Spells: 3/14 levels left

rFire   . . .      SeeInvis .   a - +2 spear (venom)
rCold   . . .      Faith    .   (no shield)
rNeg    . . .      Spirit   .   e - +0 robe
rPois   .          Reflect  .   (no helmet)
rElec   .          Harm     .   (no cloak)
rCorr   .          Rampage  .   w - +2 pair of gloves
Will    .....                   (no boots)
Stlth   +++.......              (no amulet)
HPRegen 0.10/turn               c - +6 ring of intelligence
MPRegen 0.14/turn               d - +6 ring of dexterity

@: paralysed
A: no striking features
a: no special abilities


You were on level 5 of the Dungeon.
You visited 1 branch of the dungeon, and saw 5 of its levels.

You collected 140 gold pieces.

Inventory:

Hand Weapons
 a - a +2 spear of venom (weapon)
 u - a +1 short sword of draining
Armour
 e - a +0 robe (worn)
 n - a +0 pair of gloves
 w - a +2 pair of gloves (worn)
Magical Staves
 p - a staff of earth
Jewellery
 c - a +6 ring of intelligence (left hand)
 d - a +6 ring of dexterity (right hand)
 t - a +6 ring of strength
Wands
 r - a wand of flame (33)
Scrolls
 f - 2 scrolls of immolation {unknown}
 j - 2 scrolls of magic mapping {unknown}
 m - 4 scrolls of identify {unknown}
 q - 3 scrolls of noise {unknown}
 y - a scroll of amnesia {unknown}
 z - a scroll of blinking {unknown}
 A - a scroll of butterflies {unknown}
 C - a scroll of enchant weapon {unknown}
Potions
 b - a potion of magic
 g - 2 potions of lignification {unknown}
 h - a potion of mutation {unknown}
 i - a potion of might {unknown}
 k - a potion of cancellation {unknown}
 l - 2 potions of curing
 o - a potion of flight {unknown}
 s - 2 potions of resistance {unknown}
 v - a potion of berserk rage {unknown}
 x - a potion of brilliance {unknown}
 B - 2 potions of heal wounds {unknown}
 D - a potion of invisibility {unknown}


   Skills:
 - Level 3.0 Dodging
 - Level 3.0 Stealth
 * Level 4.9 Spellcasting
 * Level 5.4 Conjurations
 * Level 3.4 Hexes
 * Level 2.8 Translocations


You had 3 spell levels left.
You knew the following spells:

 Your Spells              Type           Power      Damage    Failure   Level
a - Magic Dart            Conj           100%       1d8       1%          1
b - Searing Ray           Conj           82%        2d7       1%          2
c - Fulminant Prism       Conj/Hex       17%        3d11      9%          4
d - Iskenderun's Mystic   Conj/Tloc      33%        2d8       10%         4

Your spell library contained the following spells:

 Spells                   Type           Power      Damage    Failure   Level
 Foxfire                  Conj/Fire      96%        2x1d8     1%          1
 Dazzling Flash           Conj/Hex       70%        N/A       2%          3
 Portal Projectile        Hex/Tloc       54%        N/A       4%          3
 Conjure Flame            Conj/Fire      24%        6-21      5%          3
 Inner Flame              Hex/Fire       18%        N/A       9%          3
 Call Canine Familiar     Summ           7%         N/A       17%         3
 Ignite Poison            Fire/Tmut/Pois 7%         N/A       17%         3
 Flame Wave               Conj/Fire      24%        2d8       19%         4
 Sticky Flame             Conj/Fire      24%        2d5       19%         4
 Leda's Liquefaction      Hex/Erth       9%         N/A       26%         4


Dungeon Overview and Level Annotations

Branches:
Dungeon (5/15)
 Temple: D:4-7

Altars:
Ashenzari
Cheibriados
Fedhas
Hepliaklqana
Nemelex Xobeh
Qazlal

Annotations:
D:3 fly
D:5 Grinder


Message History

Grinder is lightly wounded.
Grinder misses you.
You closely miss Grinder.
Grinder is lightly wounded.
Grinder barely misses you.
You closely miss Grinder.
Grinder is lightly wounded.
Grinder gestures at you.
You suddenly lose the ability to move!
Grinder hits you. Grinder hits you but does no damage.
Grinder completely misses you. Grinder hits you.
You can move again.
Casting: Searing Ray (safe; 1% risk of failure)
Confirm with . or Enter, or press ? or * to list all spells.
Aiming: Searing Ray (safe; 1% risk of failure)
Press: ? - help, Shift-Dir - straight line, f/p - Grinder
Aim: Grinder (lightly wounded, 80% to hit)
The searing ray hits Grinder.
Grinder is lightly wounded. (Press . to maintain the ray.) Grinder hits you!
* * * LOW HITPOINT WARNING * * *
You writhe in agony.
* * * LOW HITPOINT WARNING * * *
The searing ray hits Grinder!
Grinder is moderately wounded.
Grinder gestures at you.
You suddenly lose the ability to move!
Grinder gestures at you. You resist with some effort.
Grinder says, "Mostly I couldn't keep them alive."
Grinder gestures at you. You resist with some effort. Grinder hits you!
* * * LOW HITPOINT WARNING * * *
Grinder gestures at you. Pain shoots through your body!
You die...

.. #### .. ..#
. ##.#########
#. ...........
##
(###....(.....
..
..#..........
#.#.#..........
+..<#..@5......
#...........##.
#...........#
#.....$.....#
#...........#
##............
#..........###
############


You could see Grinder.

Vanquished Creatures
  A water moccasin (D:4)
  An iguana (D:4)
  2 orc wizards (D:4)
  Robin (D:3)
  An adder (D:2)
  2 dart slugs (D:4)
  3 orcs (D:4)
  6 ball pythons
  3 endoplasms
  2 giant cockroaches (D:2)
  13 goblins
  13 hobgoblins
  3 jackals (D:2)
  15 kobolds
  5 quokkas
  2 bats
  3 frilled lizards
  3 rats
  A spectral goblin (D:3)
80 creatures vanquished.

Vanquished Creatures (others)
  A fungus (D:3)
  2 plants (D:3)
3 creatures vanquished.

Grand Total: 83 creatures vanquished

Notes
Turn   | Place    | Note
-------+----------+-------------------------------------------
     0 | D:1      | KamiKatze the Deep Elf Conjurer began the quest for the
                  | Orb.
     0 | D:1      | Reached XP level 1. HP: 10/10 MP: 6/6
   132 | D:1      | Reached XP level 2. HP: 15/15 MP: 5/8
   135 | D:1      | Learned a level 2 spell: Searing Ray
   334 | D:1      | Reached skill level 1 in Hexes
  1130 | D:2      | Reached skill level 1 in Translocations
  1130 | D:2      | Reached XP level 3. HP: 18/19 MP: 3/10
  1609 | D:2      | You fall into a shaft and drop 2 floors!
  1631 | D:4      | Found a sparkling altar of Nemelex Xobeh.
  1704 | D:3      | Found a faded altar of an unknown god.
  1940 | D:3      | Noticed Robin
  2065 | D:3      | Reached XP level 4. HP: 24/24 MP: 9/11
  2070 | D:3      | Learned a level 4 spell: Fulminant Prism
  2114 | D:3      | Killed Robin
  2615 | D:3      | Found a hazy altar of Hepliaklqana.
  2979 | D:4      | Reached skill level 5 in Conjurations
  3122 | D:4      | Found a snail-covered altar of Cheibriados.
  3214 | D:4      | Found a stormy altar of Qazlal.
  3216 | D:4      | Found a broken altar of Ashenzari.
  3280 | D:4      | Found a blossoming altar of Fedhas.
  3300 | D:4      | Reached XP level 5. HP: 28/28 MP: 6/13
  3394 | D:4      | Learned a level 4 spell: Iskenderun's Mystic Blast
  3641 | D:5      | Entered Level 5 of the Dungeon
  3641 | D:5      | Noticed Grinder
  3641 | D:5      | Noticed a water moccasin
  3650 | D:4      | Killed a water moccasin
  3651 | D:4      | Reached XP level 6. HP: 29/32 MP: 9/15
  3705 | D:5      | Paralysed by Grinder for 5 turns
  3711 | D:5      | Paralysed by Grinder for 5 turns
  3715 | D:5      | Killed from afar by Grinder

Illustrated notes

Levels and vault maps discovered:
D:1:      dpeg_arrival_morbid_curiosity, layout_basic, minmay_circled_x
D:2:      minmay_general_purpose_star, layout_basic
D:3:      layout_basic, nicolae_hepliaklqana_monster_ancestors, serial_rivers,
          chequers_serial_rivers_micro_b, chequers_serial_rivers_micro_a,
          chequers_serial_rivers_small_3, chequers_serial_rivers_marsh,
          chequers_serial_rivers_room_b,
          shapermc_ecumenical_altar_mp_urbaneastern, uniq_robin
D:4:      layout_loops_ring, kennysheep_slug_shrine,
          mainiacjoe_overflow_small_starburst,
          mainiacjoe_overflow_catwalk_spiral, fedhas_altar_1
D:5:      layout_basic, gammafunk_temple_overflow_elements,
          mainiacjoe_overflow_tiny_flanked, mainiacjoe_overflow_catch_the_wave,
          uniq_sigmund, uniq_prince_ribbit1, uniq_eustachio, uniq_menkaure,
          uniq_pikel, uniq_grinder

Skill      XL: |  1  2  3  4  5 |
---------------+----------------+-----
Hexes          | 1 2 3 |  3.4
Stealth        | 3 |  3.0
Translocations | 1 2 |  2.8
Dodging        | 3 |  3.0
Spellcasting   | 4 |  4.9
Conjurations   | 5 |  5.4

Action                   |  1- 3 |  4- 6 || total
-------------------------+-------+-------++-------
Melee: Short sword       |     7 |       ||     7
       Spear             |       |    22 ||    22
 Cast: Magic Dart        |    72 |    24 ||    96
       Searing Ray       |     3 |    12 ||    15
 Stab: Sleeping          |     1 |     4 ||     5
Armor: Robe              |     1 |     3 ||     4
Dodge: Dodged            |     8 |    17 ||    25
